 Dungeon Crawl Stone Soup version 0.18.1-48-g4cf74bf (console) character file.

15562 lauthentik the Unseen (level 12, -10/80 HPs)
             Began as a Vampire Enchanter on July 5, 2016.
             Was a Priest of Ashenzari.
             Killed by divine providence
             ... invoked by an orc priest
             ... led by an orc knight
              (11 damage)
             ... on level 2 of the Orcish Mines.
             The game lasted 01:14:06 (11517 turns).

lauthentik the Unseen (Vampire Enchanter)          Turns: 11517, Time: 01:14:07

Health: -10/80     AC: 10    Str:  7    XL:     12   Next: 2%
Magic:  12/23      EV: 19    Int: 23    God:    Ashenzari [***...]
Gold:   1583       SH:  8    Dex: 14    Spells: 4 memorised, 17 levels left

rFire  x . .     SeeInvis +     F - +6 dagger
rCold  + + +     Gourm    .     A - +2 robe {rC+} (curse)
rNeg   + + .     Faith    .     i - +0 shield (curse)
rPois  +         Spirit   .     H - +1 helmet (curse)
rElec  .         Dismiss  .     h - +2 cloak
rCorr  .         Reflect  .     S - +0 pair of gloves
SustAt .         Harm     .     (no boots)
MR     +....                    (no amulet)
Stlth  ++++++++..               P - ring of ice
                                q - +4 ring of evasion (curse)

@: regenerating slowly, somewhat resistant to hostile enchantments,
extraordinarily stealthy
A: fangs 3, see invisible, unbreathing
a: Bat Form, Curse Item, Scrying, Renounce Religion


You were on level 2 of the Orcish Mines.
You worshipped Ashenzari.
Ashenzari was most pleased with you.
You were thirsty.

You visited 2 branches of the dungeon, and saw 12 of its levels.

You collected 1583 gold pieces.

Inventory:

Hand Weapons
 g - a +1 dagger of venom
 l - a cursed -3 dagger
 p - a +0 short sword of draining
 z - a +4 dagger of distortion
 F - a +6 dagger (weapon)
 L - a +0 dagger of speed
 V - a +1 vampiric battleaxe
Missiles
 j - 5 tomahawks of returning
 s - 30 tomahawks (quivered)
 B - 8 silver javelins
Armour
 h - a +2 cloak (worn)
 i - a cursed +0 shield (worn)
 A - a cursed +2 robe of cold resistance (worn)
 H - a cursed +1 helmet (worn)
 S - a +0 pair of gloves (worn)
Jewellery
 q - a cursed +4 ring of evasion (left hand)
 P - a ring of ice (right hand)
Wands
 a - a wand of enslavement (12/24)
 e - a wand of lightning (7/15)
 y - a wand of polymorph (5/24)
 D - a wand of polymorph (6/24)
 G - a wand of flame (23/48)
Scrolls
 m - 4 scrolls of teleportation
 r - a scroll of magic mapping
 u - a scroll of immolation
 w - a scroll of blinking
 x - 4 scrolls of amnesia
 I - a scroll of fog {unknown}
 K - a scroll of torment {unknown}
 M - a scroll of fear
 O - a scroll of random uselessness {unknown}
 Q - a scroll of vulnerability {unknown}
Potions
 d - 5 potions of blood
 f - a potion of might
 k - 5 potions of lignification
 n - 3 potions of curing
 o - a potion of cure mutation {unknown}
 t - 2 potions of flight {unknown}
 v - 2 potions of magic {unknown}
 E - a potion of cancellation {unknown}
 J - a potion of invisibility {unknown}
 N - 2 potions of ambrosia
 R - 3 potions of agility {unknown}
 T - a potion of mutation {unknown}
 U - a potion of brilliance {unknown}
Books
 b - a book of Flames

   Spells                             Type                      Level
   a - Flame Tongue                   Conjuration/Fire             1
   b - Throw Flame                    Conjuration/Fire             2
   c - Conjure Flame                  Conjuration/Fire             3
   d - Inner Flame                    Hexes/Fire                   3
   e - Sticky Flame                   Conjuration/Fire             4
   f - Fireball                       Conjuration/Fire             5
 c - a book of Maledictions

   Spells                             Type                      Level
   a - Corona                         Hexes                        1
   b - Ensorcelled Hibernation        Hexes/Ice                    2
   c - Confuse                        Hexes                        3
   d - Tukima's Dance                 Hexes                        3
   e - Dazzling Spray                 Conjuration/Hexes            3
 C - a book of the Warp

   Spells                             Type                      Level
   a - Recall                         Summoning/Translocation      3
   b - Gell's Gravitas                Hexes/Translocation          3
   c - Force Lance                    Conjuration/Translocation    4
   d - Warp Weapon                    Charms/Translocation         5
   e - Summon Forest                  Summoning/Translocation      5


   Skills:
 + Level 2.9 Fighting
 + Level 3.7 Short Blades
 + Level 0.4 Throwing
 + Level 8.3 Dodging
 + Level 16.9 Stealth
 + Level 3.2(4.9) Shields
 + Level 7.7 Spellcasting
 + Level 11.9 Hexes
 + Level 6.1 Ice Magic


You had 17 spell levels left.
You knew the following spells:

 Your Spells              Type           Power        Failure   Level  Hunger
a - Ensorcelled Hibernat  Hex/Ice        ######       1%          2    None
b - Corona                Hex            ######.      1%          1    None
c - Confuse               Hex            ######..     1%          3    None
d - Tukima's Dance        Hex            ######..     1%          3    None


Dungeon Overview and Level Annotations

Branches:
Dungeon (10/15)            Temple (0/1) D:6             Orc (2/2) D:10
    Elf (0/3) Orc:2
   Lair: D:8-11

Altars:
Ashenzari
Cheibriados
Elyvilon
Fedhas
Kikubaaqudgha
Nemelex Xobeh
Okawaru
Pakellas
Qazlal
Trog
Vehumet
Zin
Beogh

Shops:
D:7 =   D:8 %

Annotations:
D:4 Edmund; Rationalist's ghost, novice FoFi
D:5 raph's ghost, novice MfIE


Innate Abilities, Weirdness & Mutations

You heal slowly.
You have razor-sharp teeth.
You have supernaturally acute eyesight.
You can survive without breathing.


Message History

Press: ? - help, Shift-Dir - straight line, f/p - orc warrior
Aim: an orc warrior, wielding a glaive and wearing a chain mail (unusually strong, chance to defeat MR: 76%)
The orc warrior appears confused.
Casting: Confuse
Confirm with . or Enter, or press ? or * to list all spells.
Aiming: Confuse
Press: ? - help, Shift-Dir - straight line, f - orc knight, p - orc warrior
Aim: an orc knight, wielding a glaive and wearing a chain mail (chance to defeat MR: 60%)
The orc knight appears confused.
The orc warrior shouts, "What's happening?!"
The orc priest mumbles some strange prayers to Beogh against you.
Beogh smites you!
* * * LOW HITPOINT WARNING * * *
The orc priest mumbles some strange prayers to Beogh against you.
Beogh smites you!
* * * LOW HITPOINT WARNING * * *
The orc knight hits the orc warrior with a glaive!
The orc priest calls down the wrath of Beogh upon you.
Beogh smites you!
You die...

#.......................##
#.........))............#
..........†<)..........##
..........[))...#......#
...........[...........##
..#.........†...........#
........................##
.##...##.)...............#
..#...#.........@.)[....##
.##..[..[............#.##
##.#....#.........o.....#
#......[#.........#.....##
##...........[....oo.....#
#.#.............[.......#
###....[...............##
#....)..........o......#
##...[......).......#.##


You could see an orc knight (confused), 2 orc warriors and an orc priest.

Vanquished Creatures
  An orc warlord (Orc:2)
  A stone giant (Orc:1)
  3 orc high priests
  Pikel (D:5)
  2 orc knights (Orc:2)
  2 orc sorcerers (Orc:1)
  Psyche (D:8)
  The ghost of Malvoorn the Basher, an amateur OgGl (D:3)
  A freezing wraith (D:9)
  A troll (Orc:1)
  A two-headed ogre (Orc:1)
  4 yaks (D:9)
  A vampire (D:10)
  A wyvern (D:8)
  Sigmund (D:3)
  A steam dragon (D:9)
  2 hungry ghosts
  2 wargs
  27 orc warriors
  3 ice beasts
  3 phantoms
  A sky beast (D:6)
  9 ogres
  2 centaurs
  A big kobold (D:7)
  4 giant frogs
  2 scorpions (D:7)
  3 killer bees (D:9)
  2 vampire bats (D:2)
  5 hounds
  A quasit (D:7)
  A giant frog zombie (D:5)
  25 orc priests
  5 jellies
  A giant frog skeleton (D:4)
  2 iguanas
  15 orc wizards
  A statue (D:9)
  6 worker ants
  A hound zombie (D:7)
  A hound skeleton (D:8)
  Robin (D:3)
  14 adders
  5 oozes (D:8)
  An adder skeleton (D:9)
  2 worms
  4 dart slugs
  5 giant geckos
  76 orcs
  2 ball pythons
  5 bat skeletons (D:2)
  5 giant cockroaches
  19 goblins
  11 hobgoblins
  6 jackals
  2 quokkas
  9 bats
  A giant gecko skeleton (D:4)
  7 giant newts
  17 kobolds
  A quokka skeleton (D:4)
  11 rats
352 creatures vanquished.

Vanquished Creatures (others)
  A slave (D:5)
  A worker ant (D:5)
  An orc (Orc:1)
  A quokka (D:5)
4 creatures vanquished.

Grand Total: 356 creatures vanquished

Notes
Turn   | Place    | Note
--------------------------------------------------------------
     0 | D:1      | lauthentik the Vampire Enchanter began the quest for the Orb.
     0 | D:1      | Reached XP level 1. HP: 13/13 MP: 3/3
   332 | D:1      | Reached XP level 2. HP: 19/19 MP: 5/5
   361 | D:1      | Learned a level 2 spell: Ensorcelled Hibernation
   385 | D:1      | Reached skill level 5 in Hexes
   503 | D:1      | Reached skill level 5 in Stealth
   616 | D:1      | Reached XP level 3. HP: 9/24 MP: 3/6
   625 | D:1      | Learned a level 3 spell: Confuse
   980 | D:2      | Found a sparkling altar of Nemelex Xobeh.
   982 | D:2      | Found an oddly glowing altar of Pakellas.
   982 | D:2      | Found a stormy altar of Qazlal.
  1085 | D:2      | Found a shattered altar of Ashenzari.
  1087 | D:2      | Found a bloodstained altar of Trog.
  1087 | D:2      | Found a blossoming altar of Fedhas.
  1088 | D:2      | Found a snail-covered altar of Cheibriados.
  1105 | D:2      | Became a worshipper of Ashenzari the Shackled
  1164 | D:2      | Reached skill level 1 in Ice Magic
  1266 | D:2      | Reached XP level 4. HP: 28/30 MP: 1/7
  1295 | D:2      | Found an ancient bone altar of Kikubaaqudgha.
  1329 | D:2      | Reached XP level 5. HP: 15/36 MP: 4/8
  1575 | D:2      | Reached skill level 6 in Stealth
  1870 | D:3      | Noticed Sigmund
  1879 | D:3      | Killed Sigmund
  1879 | D:3      | Reached XP level 6. HP: 42/42 MP: 7/10
  1924 | D:3      | Found an iron altar of Okawaru.
  2088 | D:3      | Noticed Malvoorn's ghost (amateur OgGl)
  2175 | D:4      | Noticed Rationalist's ghost (novice FoFi)
  2221 | D:4      | Noticed Edmund
  2368 | D:3      | Reached skill level 1 in Fighting
  2471 | D:3      | Reached skill level 7 in Stealth
  2631 | D:3      | Killed Malvoorn's ghost
  2631 | D:3      | Reached skill level 8 in Stealth
  2631 | D:3      | Reached XP level 7. HP: 21/48 MP: 7/12
  2644 | D:3      | Found a white marble altar of Elyvilon.
  2839 | D:3      | Reached * piety under Ashenzari
  2882 | D:3      | Noticed Robin
  2911 | D:3      | Killed Robin
  3682 | D:5      | Entered Level 5 of the Dungeon
  3985 | D:5      | Noticed Pikel
  3994 | D:5      | Killed Pikel
  3994 | D:5      | Reached skill level 5 in Dodging
  3994 | D:5      | Reached skill level 9 in Stealth
  3994 | D:5      | Reached XP level 8. HP: 32/54 MP: 6/14
  4028 | D:5      | Noticed raph's ghost (novice MfIE)
  4461 | D:6      | Found a staircase to the Ecumenical Temple.
  5024 | D:6      | Reached skill level 10 in Stealth
  5268 | D:7      | Reached skill level 5 in Spellcasting
  5268 | D:7      | Reached XP level 9. HP: 52/59 MP: 16/16
  5348 | D:7      | Reached skill level 11 in Stealth
  5593 | D:7      | Found Wiphoxt's Jewellery Shoppe.
  5752 | D:7      | Reached ** piety under Ashenzari
  6074 | D:8      | Reached skill level 1 in Shields
  6169 | D:8      | Noticed Psyche
  6172 | D:8      | Killed Psyche
  6221 | D:8      | Reached skill level 12 in Stealth
  6445 | D:8      | Found Cebaud's Food Shop.
  6750 | D:9      | Found a radiant altar of Vehumet.
  6757 | D:9      | Noticed a freezing wraith
  6782 | D:9      | Killed a freezing wraith
  6819 | D:9      | Reached skill level 13 in Stealth
  6903 | D:9      | Reached XP level 10. HP: 67/67 MP: 18/18
  7059 | D:9      | Found a blossoming altar of Fedhas.
  7078 | D:9      | Reached skill level 14 in Stealth
  7241 | D:9      | Found a glowing silver altar of Zin.
  7643 | D:10     | Entered Level 10 of the Dungeon
  7723 | D:10     | Reached *** piety under Ashenzari
  7791 | D:10     | Found a staircase to the Orcish Mines.
  8715 | Orc:1    | Entered Level 1 of the Orcish Mines
  8717 | Orc:1    | Reached skill level 10 in Hexes
  8757 | Orc:1    | Noticed an orc sorcerer
  8765 | Orc:1    | Killed an orc sorcerer
  8773 | Orc:1    | Reached skill level 15 in Stealth
  8944 | Orc:1    | Reached skill level 5 in Ice Magic
  9175 | Orc:1    | Reached XP level 11. HP: 74/74 MP: 5/20
  9192 | Orc:1    | Found a roughly hewn altar of Beogh.
  9716 | Orc:2    | Entered Level 2 of the Orcish Mines
  9716 | Orc:2    | Noticed an ogre mage
  9900 | Orc:2    | Noticed an orc high priest
  9900 | Orc:2    | Noticed an orc sorcerer
  9917 | Orc:2    | Noticed a soul eater
  9927 | Orc:1    | Noticed a stone giant
  9936 | Orc:1    | Killed an orc high priest
  9941 | Orc:1    | Killed a stone giant
 10111 | Orc:1    | Killed an orc sorcerer
 10111 | Orc:1    | Reached skill level 16 in Stealth
 10172 | Orc:2    | Noticed an orc knight
 10380 | Orc:1    | Learned a level 3 spell: Tukima's Dance
 10384 | Orc:2    | Killed an orc knight
 10425 | Orc:2    | Noticed an orc high priest
 10972 | Orc:2    | Killed an orc high priest
 10991 | Orc:2    | Noticed an orc high priest
 10994 | Orc:2    | Found a staircase to the Elven Halls.
 11000 | Orc:2    | Noticed an orc knight
 11000 | Orc:2    | Killed an orc high priest
 11007 | Orc:2    | Killed an orc knight
 11202 | Orc:2    | Noticed an orc warlord
 11237 | Orc:2    | Killed an orc warlord
 11391 | Orc:2    | Reached XP level 12. HP: 50/80 MP: 20/23
 11515 | Orc:2    | HP: 1/80 [orc priest/divine providence[an orc knight] (13)]
 11517 | Orc:2    | Killed from afar by an orc priest

Skill      XL: |  1  2  3  4  5  6  7  8  9 10 11 |
---------------+----------------------------------+-----
Hexes          | 5 6 7 8 9 10 11 | 11.9
Stealth        | 5 6 8 9 10 13 15 16 | 16.9
Ice Magic      | 1 2 3 5 6 |  6.1
Dodging        | 3 4 5 6 7 8 |  8.3
Spellcasting   | 3 4 5 6 7 |  7.7
Fighting       | 1 2 |  2.9
Short Blades   | 2 3 |  3.7
Shields        | 1 2 3 |  3.2
Throwing       | |  0.4

Action                   |  1- 3 |  4- 6 |  7- 9 | 10-12 || total
-------------------------+-------+-------+-------+-------++-------
Melee: Dagger            |    54 |       |   204 |   311 ||   569
       Bite              |     3 |     6 |     7 |    10 ||    26
       Short sword       |    31 |   110 |    49 |       ||   190
       Unarmed           |       |       |     1 |       ||     1
Throw: Tomahawk          |       |       |       |    10 ||    10
 Cast: Corona            |     1 |       |       |       ||     1
       Ensorcelled Hiber |    14 |    22 |    62 |   168 ||   266
       Confuse           |       |     8 |    11 |    20 ||    39
       Tukima's Dance    |       |       |       |     3 ||     3
Invok: Curse Item        |       |     1 |     3 |       ||     4
 Abil: End Transformatio |       |       |     1 |       ||     1
       Bat Form          |       |       |     1 |       ||     1
  Use: Potion            |       |     1 |     1 |     3 ||     5
       Scroll            |       |       |     7 |     8 ||    15
 Stab: Sleeping          |    21 |    27 |    77 |   144 ||   269
       Confused          |       |     4 |     5 |    10 ||    19
       Distracted        |       |       |     1 |     1 ||     2
Armor: Robe              |    11 |    25 |    42 |    57 ||   135
       Skin              |       |       |     1 |       ||     1
Dodge: Dodged            |    61 |   177 |   212 |   215 ||   665
Block: Shield            |       |       |    44 |   141 ||   185
